 Dungeon Crawl Stone Soup version 0.23-a0-644-gb60d84b (webtiles) character file.

173 Borgoz the Chopper (level 5, 0/47 HPs)
             Began as a Hill Orc Abyssal Knight on Jan 1, 2019.
             Was a Follower of Lugonu.
             Killed by divine providence
             ... invoked by an orc priest
              (15 damage)
             ... on level 4 of the Dungeon.
             The game lasted 00:04:13 (2734 turns).

Borgoz the Chopper (Hill Orc Abyssal Knight)        Turns: 2734, Time: 00:04:14

Health: 0/47       AC:  4    Str: 15    XL:     5   Next: 53%
Magic:  7/7        EV: 11    Int: 12    God:    Lugonu [*.....]
Gold:   82         SH:  0    Dex: 11    Spells: 4/4 levels left

rFire    . . .     SeeInvis .   a - +1 hand axe
rCold    . . .     Gourm    .   (no shield)
rNeg     . . .     Faith    .   b - +1 leather armour
rPois    +         Spirit   .   (no helmet)
rElec    .         Reflect  .   (no cloak)
rCorr    .         Harm     .   (no gloves)
MR       .....                  (no boots)
Stlth    +.........             (no amulet)
HPRegen  0.15/turn              f - ring of poison resistance
MPRegen  0.10/turn              (no ring)

@: lethally poisoned (0 -> -2)
A: no striking features
a: Depart the Abyss, Renounce Religion, Convert to Beogh


You were on level 4 of the Dungeon.
You worshipped Lugonu.
Lugonu was aware of your devotion.
You were not hungry.

You visited 1 branch of the dungeon, and saw 4 of its levels.
You visited the Abyss 1 time.

You collected 82 gold pieces.

Inventory:

Hand Weapons
 a - a +1 hand axe (weapon)
Armour
 b - a +1 leather armour (worn)
Jewellery
 f - a ring of poison resistance (left hand)
 l - an uncursed amulet of magic regeneration
Scrolls
 d - a scroll of enchant armour
 g - a scroll of fear {unknown}
 h - a scroll of blinking {unknown}
 i - a scroll of identify
 j - a scroll of enchant weapon {unknown}
Comestibles
 c - 7 rations


   Skills:
 + Level 4.8 Fighting
 + Level 5.1 Axes
 + Level 3.0 Armour
 + Level 1.6 Dodging
 + Level 2.8 Invocations


You had 4 spell levels left.
You didn't know any spells.
Your spell library was empty.

Dungeon Overview and Level Annotations

Branches:
Dungeon (3/15)

Altars:
Fedhas

Annotations:
D:2 exclusion: oklob plant


Message History

You feel sick.
The orc wizard shouts!
You hear a shout!
An orc priest comes into view. It is wielding a +0 club.
Things that are here:
a +0 dagger; a +0 robe; an orc corpse You feel much better.
The orc priest shouts, "Surrender to Beogh and we'll let you live!" (press Y on the ability menu to convert to Beogh)
The orc priest shouts!
The orc hits you.
You feel sick.
An orc priest comes into view. It is wielding a +0 hand axe.
You feel sick.
The orc priest shouts!
You feel sick.
You feel sick.
An adder comes into view.
The orc priest calls down the wrath of Beogh upon you.
Beogh smites you!
You die...

# #.###.#####.#
#. #.# #.# #. #.#
#.# #.###.####.#
#.#
#......##.###.#
#..........# #
###.##.#####
#.#####.##.##
#......o.@..#
####.o#..........
#..#.##.......
#.รท#.###.#####
#..#.# .# #.o#.#
.# #o.#.# #
#).S.#
..o....###.#


You could see an orc priest and an orc.

Vanquished Creatures
  A hound (D:4)
  An orc wizard (D:4)
  A worker ant (D:4)
  2 adders
  An ooze (D:1)
  A worm (D:3)
  A dart slug (D:3)
  A leopard gecko (D:1)
  4 orcs (D:3)
  9 goblins
  6 hobgoblins
  2 quokkas
  14 bats
  4 frilled lizards
  3 kobolds
  12 rats
  2 fungi (D:2)
  3 plants (D:2)
68 creatures vanquished.

Vanquished Creatures (others)
  16 toadstools (D:2)
16 creatures vanquished.

Grand Total: 84 creatures vanquished

Notes
Turn   | Place    | Note
-------+----------+-------------------------------------------
     0 | Abyss:1  | Borgoz the Hill Orc Abyssal Knight began the quest for the
                  | Orb.
     0 | Abyss:1  | Reached XP level 1. HP: 19/19 MP: 2/2
     7 | Abyss:2  | Found a corrupted altar of Lugonu.
    50 | Abyss:3  | Noticed a small abomination
    59 | Abyss:3  | Noticed a small abomination
    62 | D:1      | Escaped the Abyss
   344 | D:1      | Reached XP level 2. HP: 6/27 MP: 4/4
   346 | D:1      | Reached skill level 3 in Axes
   670 | D:1      | Reached * piety under Lugonu
   786 | D:1      | Reached skill level 1 in Dodging
   880 | D:1      | Reached XP level 3. HP: 33/33 MP: 5/5
  1334 | D:2      | Found a blossoming altar of Fedhas.
  1348 | D:2      | Noticed an oklob plant
  2179 | D:3      | Reached XP level 4. HP: 34/41 MP: 6/6
  2184 | D:3      | Reached skill level 4 in Axes
  2640 | D:3      | You fall through a shaft!
  2686 | D:4      | Reached XP level 5. HP: 31/47 MP: 7/7
  2721 | D:4      | Reached skill level 5 in Axes
  2734 | D:4      | Killed from afar by an orc priest

Vault maps used:
D:1:      dpeg_arrival_rhombus
D:2:      kennysheep_doodads, tgw_fedhas
D:3:      first_ration, minmay_misc_feat_rows, dk_vineyard_1,
          hangedman_decor_growths, small_statue_intersection, minmay_misc_feat_x
D:4:      nicolae_overflow_hidden_temple
Abyss:1:  abyss_furniture_001
Abyss:2:  abyss_greek_temple
Abyss:3:  minivault_19

Skill      XL: |  1  2  3  4  5 |
---------------+----------------+-----
Fighting       | 4 |  4.8
Axes           | 3 4 5 |  5.1
Dodging        | 1 |  1.6
Armour         | 3 |  3.0
Invocations    | |  2.8

Action                   |  1- 3 |  4- 6 || total
-------------------------+-------+-------++-------
Melee: Hand axe          |   207 |    70 ||   277
Invok: Depart the Abyss  |     1 |       ||     1
  Use: Potion            |       |     3 ||     3
       Scroll            |       |     2 ||     2
  Eat: Chunk             |     2 |     1 ||     3
       Ration            |     1 |       ||     1
Armor: Leather armour    |    54 |    10 ||    64
Dodge: Dodged            |    95 |    51 ||   146

Table legend:
 A = Non-vault XP
 B = Vault XP
 C = Vault XP percentage of total XP
 D = Non-vault monster count
 E = Vault monster count
 F = Vault count percentage of total count
                 A         B        C        D         E       F
            +---------+---------+-------+---------+---------+-------
      Total |     248 |       0 |   0.0 |      63 |       0 |   0.0
            +---------+---------+-------+---------+---------+-------
        D:1 |      46 |       0 |   0.0 |      26 |       0 |   0.0
        D:2 |      23 |       0 |   0.0 |      15 |       0 |   0.0
        D:3 |      47 |       0 |   0.0 |      17 |       0 |   0.0
        D:4 |     132 |       0 |   0.0 |       5 |       0 |   0.0
            +---------+---------+-------+---------+---------+-------
